 Dungeon Crawl Stone Soup version 0.29.0-4-gdea44cf6ec (webtiles) character file.

Game seed: 14545818099683545719

52 qw the Chopper (level 3, -3/21 HPs)
             Began as a Tengu Warper on Aug 28, 2022.
             Slain by Ijyb
             ... wielding a +0 club
              (4 damage)
             ... while paralysed by Ijyb
             ... on level 2 of the Dungeon.
             The game lasted 00:00:12 (2252 turns).

qw the Chopper (Tengu Warper)                       Turns: 2252, Time: 00:00:13

Health: -3/21      AC: 10    Str: 19    XL:     3   Next: 85%
Magic:  7/7        EV:  2    Int: 13    God:
Gold:   81         SH:  0    Dex: 13    Spells: 6/6 levels left

rFire   . . .      SeeInvis .   Y - +0 hand axe
rCold   + . .      Faith    .   (no shield)
rNeg    . . .      Spirit   .   d - +0 plate armour
rPois   .          Reflect  .   (helmet restricted)
rElec   .          Harm     .   (no cloak)
rCorr   .          Rampage  .   (no gloves)
Will    .....                   (boots unavailable)
Stlth   ..........              (no amulet)
HPRegen 0.07/turn               h - ring of protection from cold
MPRegen 0.10/turn               l - +6 ring of strength

@: paralysed
A: beak, talons 3
a: no special abilities


You were on level 2 of the Dungeon.
You visited 1 branch of the dungeon, and saw 3 of its levels.

You collected 81 gold pieces.


Innate Abilities, Weirdness & Mutations

You have a beak for a mouth.
You have claws for feet.


   Skills:
 - Level 2.0 Fighting
 + Level 4.4 Axes
 - Level 1.0 Throwing
 - Level 1.1 Armour
 - Level 2.1 Dodging
 - Level 2.0 Spellcasting
 - Level 2.4 Translocations


You had 6 spell levels left.
You didn't know any spells.
Your spell library contained the following spells:

 Spells                   Type           Power      Damage    Failure   Level
 Blink                    Tloc           14%        N/A       99%         2
 Gell's Gravitas          Tloc           7%         N/A       100%        3
 Lesser Beckoning         Tloc           7%         N/A       100%        3
 Teleport Other           Tloc           7%         N/A       100%        3
 Manifold Assault         Tloc           7%         N/A       100%        5

Inventory:

Hand Weapons
 e - a +0 flail
 Y - a +0 hand axe (weapon)
Missiles
 c - 4 javelins (quivered)
Armour
 d - a +0 plate armour (worn)
Jewellery
 h - a ring of protection from cold (left hand)
 l - a +6 ring of strength (right hand)
Potions
 b - a potion of haste {unknown}
 f - a potion of might {unknown}

Dungeon Overview and Level Annotations

Branches:
Dungeon (3/15)

Altars:
Ru

Annotations:
D:2 Ijyb


Message History

You can move again.
You hit Ijyb but do no damage. You claw Ijyb, but do no damage. You peck Ijyb.
Ijyb is lightly wounded.
You feel a little less clever now. Ijyb hits you but does no damage.
You closely miss Ijyb. Your peck misses Ijyb.
Ijyb is lightly wounded.
Ijyb hits you with a +0 club.
You barely miss Ijyb.
Ijyb is lightly wounded.
Ijyb hits you but does no damage.
You hit Ijyb but do no damage. You claw Ijyb.
Ijyb is moderately wounded.
Ijyb hits you with a +0 club.
You barely miss Ijyb.
Ijyb is moderately wounded.
Ijyb hits you but does no damage.
You completely miss Ijyb. Your peck misses Ijyb.
Ijyb is moderately wounded.
Ijyb zaps a wand.
You suddenly lose the ability to move!
Ijyb hits you but does no damage. x2
Ijyb zaps a wand.
You shrug off the repeated paralysis!
Ijyb hits you but does no damage.
You can move again.
You barely miss Ijyb. You claw Ijyb. You peck Ijyb, but do no damage.
Ijyb is moderately wounded.
Ijyb zaps a wand.
You shrug off the repeated paralysis!
You closely miss Ijyb. You claw Ijyb. Your peck misses Ijyb.
Ijyb is moderately wounded.
Ijyb hits you with a +0 club.
You hit Ijyb but do no damage. You claw Ijyb, but do no damage.
Your peck misses Ijyb.
Ijyb is moderately wounded.
Ijyb zaps a wand.
You resist with significant effort.
You barely miss Ijyb. You claw Ijyb. You peck Ijyb, but do no damage.
Ijyb is severely wounded.
Ijyb zaps a wand.
You suddenly lose the ability to move!
Ijyb zaps a wand.
You shrug off the repeated paralysis!
Ijyb hits you with a +0 club.
You die...

##.###.##..## ##.# ##.##....
#.##......#.## ##..# #>..##...
##.#.#.#####.###.#.# #...###.#
##...## ##...##.# #...# #.#
##...# ##.###.# ##.## #.# ###.#
#.# #.# #.# #.# #.# #.# #.# #.#
#.# #.# #g###.######.# #.#
#######.# #%@.......##.# #.#
#.....#.# #..)......##<# #.#
......#%#######)........##.####.#
#.......................#.......#
#.......#######............######
....).### #........(##.# #
#####.# #.........##.# # # #.#
#.........##.## # # #.#
#.........#...##


You could see Ijyb.

Vanquished Creatures
  3 endoplasms
  5 giant cockroaches (D:1)
  3 goblins
  7 hobgoblins
  2 jackals (D:1)
  6 kobolds
  A quokka (D:2)
  A ball python (D:1)
  6 bats
  8 frilled lizards
  4 rats
46 creatures vanquished.

Notes
Turn   | Place    | Note
-------+----------+-------------------------------------------
     0 | D:1      | qw the Tengu Warper began the quest for the Orb.
     0 | D:1      | Reached XP level 1. HP: 12/12 MP: 4/4
     0 | D:1      | 0 ||| qw: Version: 0.1-a-89-g26bdef1
     0 | D:1      | 0 ||| qw: Game counter: 3273
     0 | D:1      | 0 ||| qw: Always use a shield: true
     0 | D:1      | 0 ||| qw: God list: Okawaru
     0 | D:1      | 0 ||| qw: Allow faded altars: false
     0 | D:1      | 0 ||| qw: Do Orc after D:15 true
     0 | D:1      | 0 ||| qw: Do second Lair branch before Depths: true
     0 | D:1      | 0 ||| qw: Lair rune preference: random
     0 | D:1      | 0 ||| qw: Plans: Normal
     0 | D:1      | 0 ||| PLANNING D:1-11
   130 | D:1      | Reached skill level 3 in Axes
   130 | D:1      | Reached XP level 2. HP: 17/17 MP: 6/6
   136 | D:1      | 136 ||| Stepping ~*~*~tactically~*~*~ (stealth).
   138 | D:1      | 138 ||| Stepping ~*~*~tactically~*~*~ (stealth).
   142 | D:1      | 142 ||| Stepping ~*~*~tactically~*~*~ (stealth).
   301 | D:1      | 301 ||| Stepping ~*~*~tactically~*~*~ (stealth).
   554 | D:1      | Reached XP level 3. HP: 19/21 MP: 7/7
   615 | D:1      | HP: 4/21 [hobgoblin (4)]
   929 | D:1      | 929 ||| Stepping ~*~*~tactically~*~*~ (stealth).
   961 | D:1      | 961 ||| Stepping ~*~*~tactically~*~*~ (stealth).
  1124 | D:1      | Reached skill level 4 in Axes
  1172 | D:1      | 1172 ||| UPGRADING to +0 plate armour.
  1182 | D:1      | 1182 ||| DROPPING +0 leather armour.
  1183 | D:1      | 1183 ||| DROPPING +0 chain mail.
  1184 | D:1      | 1184 ||| UPGRADING to ring of protection from cold.
  1185 | D:1      | 1185 ||| UPGRADING to +6 ring of strength.
  1186 | D:1      | 1186 ||| READING scroll labelled FAEKAE RUYFATO.
  1187 | D:1      | 1187 ||| READING 2 scrolls labelled GYIWULOVIU.
  1188 | D:1      | 1188 ||| READING scroll labelled DIASEU VUIJ.
  1189 | D:1      | 1189 ||| DROPPING scroll of blinking.
  1190 | D:1      | 1190 ||| DROPPING scroll of amnesia.
  1191 | D:1      | 1191 ||| Stepping randomly (stuck).
  1192 | D:1      | 1192 ||| Stepping ~*~*~tactically~*~*~ (cloud).
  1198 | D:1      | HP: 5/21 [poisoned by you (poison gas)]
  1506 | D:2      | 1506 ||| Stepping ~*~*~tactically~*~*~ (stealth).
  1568 | D:2      | 1568 ||| Stepping ~*~*~tactically~*~*~ (stealth).
  1596 | D:2      | 1596 ||| Stepping ~*~*~tactically~*~*~ (stealth).
  1597 | D:2      | 1597 ||| Stepping ~*~*~tactically~*~*~ (stealth).
  1745 | D:2      | Found a sacrificial altar of Ru.
  2174 | D:2      | 2174 ||| READING 2 scrolls labelled HIVEGI MAIGH.
  2175 | D:2      | 2175 ||| DRINKING 2 sapphire potions.
  2176 | D:2      | 2176 ||| DROPPING scroll of noise.
  2177 | D:2      | 2177 ||| DROPPING potion of brilliance.
  2210 | D:3      | Noticed Ijyb
  2211 | D:3      | 2211 ||| STAIRDANCE
  2217 | D:3      | 2217 ||| STAIRDANCE
  2229 | D:3      | 2229 ||| STAIRDANCE
  2233 | D:2      | Paralysed by Ijyb for 5 turns
  2239 | D:2      | HP: 5/21 [Ijyb/+0 club (6)]
  2243 | D:2      | Paralysed by Ijyb for 5 turns
  2249 | D:2      | HP: 1/21 [Ijyb/+0 club (3)]
  2251 | D:2      | Paralysed by Ijyb for 2 turns
  2252 | D:2      | Slain by Ijyb

Levels and vault maps discovered:
D:1:      dpeg_arrival_central, layout_basic
D:2:      layout_loops_ring, basic_altar, minmay_statues_item,
          minmay_lizard_pond
D:3:      layout_rooms, amethyst_overflow_temple_binary,
          shapermc_ecumenical_altar_ellora, uniq_ijyb

Skill      XL: |  1  2  3 |
---------------+----------+-----
Axes           | 3 4 |  4.4
Fighting       | |  2.0
Throwing       | |  1.0
Armour         | |  1.1
Dodging        | |  2.1
Spellcasting   | |  2.0
Translocations | |  2.4

Action                   || total
-------------------------++-------
Melee: Hand axe          ||   105
       Peck              ||    13
       Kick              ||    23
Throw: Boomerang         ||     7
       Javelin           ||     1
  Use: Scroll            ||     4
       Potion            ||     1
Armor: Leather armour    ||    15
       Plate armour      ||    31
Dodge: Dodged            ||    43

Table legend:
 A = Non-vault XP
 B = Vault XP
 C = Vault XP percentage of total XP
 D = Non-vault monster count
 E = Vault monster count
 F = Vault count percentage of total count
                 A         B        C        D         E       F
            +---------+---------+-------+---------+---------+-------
      Total |      69 |       6 |   8.0 |      40 |       6 |  13.0
            +---------+---------+-------+---------+---------+-------
        D:1 |      47 |       0 |   0.0 |      26 |       0 |   0.0
        D:2 |      22 |       6 |  21.4 |      14 |       6 |  30.0
            +---------+---------+-------+---------+---------+-------
